[Event "Titled Tuesday Blitz November 15 Early 2022"]
[White "Garagulya, Konstantin"]
[Black "Fabris, Alberto"]
[WhiteFideId "4128931"]
[BlackFideId "801348"]
[WhiteElo "2329"]
[BlackElo "2023"]
[Result "1-0"]
[Round "02"]
[TimeControl "180+1"]
[Date "2022.11.16"]
[WhiteClock "0:00:09"]
[BlackClock "0:00:07"]

1. d4 Nf6 2. Nf3 e6 3. Bg5 c5 4. Nbd2 cxd4 5. Nxd4 a6 6. c4 Nc6 7. Nxc6 dxc6 8. e3 Be7 9. a3 O-O 10. Qc2 b5 11. Bd3 h6 12. Bh4 Bb7 13. O-O Rc8 14. Rfd1 Qb6 15. Rac1 c5 16. Qb3 b4 17. Bxf6 Bxf6 18. Be4 a5 19. f3 Rfd8 20. Bxb7 Qxb7 21. Ne4 Be7 22. Kf2 f5 23. Ng3 Rxd1 24. Rxd1 Rd8 25. Rxd8+ Bxd8 26. axb4 axb4 27. Qa4 Kf7 28. e4 g6 29. exf5 gxf5 30. Ne2 Bf6 31. b3 Ke7 32. Qa5 Qc6 33. Qa7+ Kf8 34. Qh7 Bg7 35. Qg6 Qd6 36. g3 Qe5 37. Nf4 Ke7 38. Kg2 Qf6 39. Qxf6+ Bxf6 40. Nd3 Bd4 41. f4 Kf6 42. h3 Kg6 43. Kf3 Kf6 44. g4 fxg4+ 45. hxg4 Kg6 46. Ke4 h5 47. gxh5+ Kxh5 48. f5 exf5+ 49. Kxf5 Kh4 50. Ke4 Kg3 51. Kd5 Kf3 52. Nxc5 Bc3 53. Ne4 Ke3 54. c5 Be1 55. c6 Bg3 56. Nxg3 1-0


[Site "https://www.chess.com"]

[Event "Titled Tuesday Blitz November 15 Early 2022"]
[White "Garcia Ramos, Daniel"]
[Black "Vokhidov, Shamsiddin"]
[WhiteFideId "32010311"]
[BlackFideId "14204223"]
[WhiteElo "2357"]
[BlackElo "2619"]
[Result "0-1"]
[Round "02"]
[TimeControl "180+1"]
[Date "2022.11.15"]
[WhiteClock "0:00:03"]
[BlackClock "0:00:19"]

1. e4 c5 2. Nf3 d6 3. d4 cxd4 4. Nxd4 Nf6 5. f3 e5 6. Nb3 d5 7. Bg5 d4 8. c3 h6 9. Bxf6 Qxf6 10. cxd4 Bb4+ 11. Nc3 O-O 12. dxe5 Qxe5 13. Qd4 Qe7 14. O-O-O Bxc3 15. Qxc3 Be6 16. Kb1 Rc8 17. Qe3 Nc6 18. Bb5 Nb4 19. a3 Nc2 20. Qd3 Nxa3+ 21. bxa3 Qxa3 22. Rd2 Qxb3+ 23. Qxb3 Bxb3 24. Kb2 Be6 25. Rhd1 Rc5 26. Bd7 Bc4 27. Rd6 Rd8 28. f4 a5 29. e5 Kf8 30. Bg4 Rxd6 31. exd6 Ke8 32. Re1+ Kd8 33. d7 f5 34. Bh3 Kxd7 35. g4 Rb5+ 36. Kc3 Rb3+ 37. Kxc4 Rxh3 38. gxf5 Rxh2 39. Kb5 Rf2 40. Rg1 Rxf4 41. Rxg7+ Kc8 42. Kxa5 Rxf5+ 43. Kb6 Rf6+ 44. Kb5 Kb8 45. Rh7 Ka7 46. Ka5 Rf5+ 47. Kb4 h5 48. Ka4 Ka6 49. Kb4 b6 50. Kc4 Rf4+ 51. Kb3 h4 52. Rh5 b5 53. Rh8 Ka5 54. Ra8+ Kb6 55. Rb8+ Kc5 56. Rc8+ Kd4 57. Rh8 Ke3 58. Rh5 b4 59. Ka4 Kf3 60. Kb3 Kg3 61. Rh8 h3 62. Rg8+ Rg4 63. Rd8 h2 64. Rd1 Kh3 65. Rd3+ Rg3 0-1


[Site "https://www.chess.com"]

[Event "Titled Tuesday Blitz November 15 Early 2022"]
[White "Garv Gaur"]
[Black "Krzyzanowski, Marcin"]
[WhiteFideId "45030839"]
[BlackFideId "1132199"]
[WhiteElo "1960"]
[BlackElo "2435"]
[Result "0-1"]
[Round "02"]
[TimeControl "180+1"]
[Date "2022.11.16"]
[WhiteClock "0:00:45"]
[BlackClock "0:01:56"]

1. d4 d6 2. Nf3 Nf6 3. c4 c6 4. g3 g6 5. Bg2 Bg7 6. O-O O-O 7. Nc3 Bg4 8. Ne1 e5 9. Nc2 Na6 10. f3 Be6 11. b3 Re8 12. e4 exd4 13. Nxd4 Bd7 14. Be3 Nc5 15. Rc1 a5 16. Bf4 Bc8 17. Nde2 d5 18. cxd5 cxd5 19. exd5 Bf5 20. Qd2 Nd3 21. Rcd1 Nxd5 22. Nxd5 Qxd5 23. g4 Rxe2 24. Qxe2 Nxf4 25. Rxd5 Nxe2+ 26. Kf2 Nf4 27. Rd2 Bc3 28. Rd6 Nd3+ 29. Kg1 Bb4 30. Rd5 Nf4 31. Rdd1 Bd3 0-1


[Site "https://www.chess.com"]

[Event "Titled Tuesday Blitz November 15 Early 2022"]
[White "Gedgafov, Chamal"]
[Black "Ghosh, Chanchal Kumer"]
[WhiteFideId "34130621"]
[BlackFideId "10201858"]
[WhiteElo "2067"]
[BlackElo "2058"]
[Result "0-1"]
[Round "02"]
[TimeControl "180+1"]
[Date "2022.11.16"]
[WhiteClock "0:00:44"]
[BlackClock "0:00:19"]

1. d4 d5 2. Nf3 e6 3. g3 Nf6 4. Bg2 Bd6 5. O-O O-O 6. Re1 c5 7. c3 Nc6 8. Nbd2 cxd4 9. cxd4 e5 10. dxe5 Nxe5 11. Nxe5 Bxe5 12. Nf3 Bc7 13. Bg5 Be6 14. Nd4 Bb6 15. e3 h6 16. Bf4 Qd7 17. Nxe6 Qxe6 18. Rc1 Rac8 19. h4 Rfd8 20. Qd3 Ne4 21. Bxe4 dxe4 22. Qa3 Rxc1 23. Rxc1 f6 24. h5 Rd5 25. Qb3 Kh7 26. Rd1 Rxd1+ 27. Qxd1 Qxa2 28. Qd7 Qc4 29. Qf5+ Kh8 30. Qg6 Qe6 31. g4 Bc5 32. Kg2 Bf8 33. Bb8 a5 34. Bc7 a4 35. Bb8 b5 36. Ba7 b4 37. Bd4 a3 38. bxa3 bxa3 39. f3 exf3+ 40. Kxf3 a2 41. Qc2 Bd6 42. Qa4 Be5 43. Qa8+ Kh7 44. Qe4+ Kg8 45. Qa8+ Kf7 46. Qa7+ Ke8 47. Qa8+ Kd7 48. Qb7+ Bc7 49. Qb5+ Ke7 50. Bc5+ Kf7 51. Qb7 a1=Q 52. Qxc7+ Kg8 53. Qd8+ Kh7 54. Qd3+ Kh8 55. Qd8+ Qg8 56. Qd3 Qe5 57. Bd4 Qee6 58. Kg3 Qgc8 59. Qe2 Qc7+ 60. Kh3 Qed6 61. Qg2 Qc1 62. Qa8+ Kh7 63. Qe4+ Kg8 64. Qe8+ Qf8 65. Qe6+ Kh8 66. Qe4 Qf1+ 67. Kh4 Qd8 68. Bb6 Qf8 69. Bc7 f5 70. gxf5 Q8xf5 71. Qe8+ Qf8 72. Qe4 Q1f6+ 73. Kg4 Qg5+ 74. Kh3 Qf1+ 75. Kh2 Qfg1+ 76. Kh3 Qf1+ 77. Kh2 Qxh5+ 78. Kg3 Qg5+ 79. Kh2 Qfg1+ 80. Kh3 Qh5+ 81. Qh4 Qh1+ 82. Bh2 Qxh4+ 83. Kxh4 Qxh2+ 0-1


[Site "https://www.chess.com"]

[Event "Titled Tuesday Blitz November 15 Early 2022"]
[White "Gheorghiu, Calin"]
[Black "Barbashin, Igor"]
[WhiteFideId "1200305"]
[BlackFideId "4155718"]
[WhiteElo "2225"]
[BlackElo "2138"]
[Result "1-0"]
[Round "02"]
[TimeControl "180+1"]
[Date "2022.11.16"]
[WhiteClock "0:00:13"]
[BlackClock "0:00:05"]

1. d4 Nf6 2. Bf4 d6 3. Nf3 g6 4. c3 Bg7 5. Nbd2 Nbd7 6. e4 O-O 7. Be2 Nh5 8. Be3 e5 9. O-O Nf4 10. Bxf4 exf4 11. Bc4 g5 12. h3 h5 13. Nh2 Nf6 14. e5 dxe5 15. dxe5 Nh7 16. Qxh5 Bxe5 17. Rad1 Qf6 18. Ne4 Qg7 19. Nf3 Bf6 20. Nxf6+ Qxf6 21. Bd3 Bf5 22. Bxf5 Qxf5 23. h4 f6 24. Nd4 Qd7 25. Qg6+ Qg7 26. Qxg7+ Kxg7 27. Ne6+ Kg6 28. Nxf8+ Rxf8 29. hxg5 fxg5 30. Rd7 Rc8 31. Re1 Nf6 32. Re6 Kf5 33. Rde7 Rd8 34. f3 Rd2 35. Re5+ Kg6 36. Re2 Rd1+ 37. Kf2 Nh5 38. Rxc7 Ng3 39. Re1 Rd2+ 40. Kg1 Rxb2 41. a4 Nf5 42. Re6+ Kh5 43. Rh7+ 1-0


[Site "https://www.chess.com"]

[Event "Titled Tuesday Blitz November 15 Early 2022"]
[White "Gholami Orimi, Mahdi"]
[Black "Tasev, Dejan"]
[WhiteFideId "12558486"]
[BlackFideId "936618"]
[WhiteElo "2895"]
[BlackElo "2608"]
[Result "1-0"]
[Round "02"]
[TimeControl "180+1"]
[Date "2022.11.16"]
[WhiteClock "0:01:10"]
[BlackClock "0:00:46"]

1. d4 Nf6 2. c4 g6 3. Nc3 Bg7 4. e4 d6 5. Be2 O-O 6. Nf3 Nbd7 7. O-O c5 8. d5 b5 9. cxb5 a6 10. bxa6 Bxa6 11. Re1 Bxe2 12. Rxe2 Ne8 13. Qc2 Nc7 14. b3 f6 15. Bb2 Ne5 16. Nd2 Qd7 17. h3 Rfb8 18. f4 Nf7 19. Nc4 Nb5 20. Nxb5 Qxb5 21. Re3 Bh6 22. Rf3 Bg7 23. a4 Qd7 24. Re1 Nd8 25. Qd1 Nb7 26. e5 Na5 27. Nxa5 Rxa5 28. exf6 exf6 29. f5 gxf5 30. Qd2 Raa8 31. Re6 c4 32. bxc4 Rxa4 33. Bxf6 Bxf6 34. Rxf6 Rb1+ 35. Kh2 Qa7 36. Rg3+ 1-0


[Site "https://www.chess.com"]

[Event "Titled Tuesday Blitz November 15 Early 2022"]
[White "Gjestemoen-VonHirsch, Andre"]
[Black "Dehtiarov, Roman"]
[WhiteFideId "1539531"]
[BlackFideId "14186640"]
[WhiteElo "2198"]
[BlackElo "2200"]
[Result "1-0"]
[Round "02"]
[TimeControl "180+1"]
[Date "2022.11.16"]
[WhiteClock "0:00:13"]
[BlackClock "0:00:01"]

1. b3 e5 2. Bb2 Nc6 3. e3 Nf6 4. Bb5 d6 5. Nf3 Bd7 6. d4 exd4 7. Nxd4 Be7 8. Qf3 Nxd4 9. Bxd7+ Qxd7 10. Bxd4 c6 11. h3 O-O 12. O-O Rad8 13. Bxa7 c5 14. Bb6 Ra8 15. a4 Qe6 16. Nc3 Nd7 17. Nd5 Ne5 18. Qd1 Rac8 19. c4 Nc6 20. Qd2 Bf6 21. Rad1 Bg5 22. f4 Bh4 23. Qd3 f5 24. Rd2 Rfe8 25. Nc7 Rxc7 26. Bxc7 Nb4 27. Qxd6 Qxe3+ 28. Kh1 h6 29. Bb6 Be7 30. Qd7 Bf6 31. Rfd1 Bd4 32. Rxd4 cxd4 33. Bxd4 Qe7 34. Qxe7 Rxe7 35. Bc5 Re4 36. Bxb4 Rxf4 37. Rd8+ Kh7 38. Rd7 b6 39. Rb7 Rf1+ 40. Kh2 f4 41. Rxb6 Rf2 42. Bc5 Rb2 43. Kg1 Rb1+ 44. Kf2 g5 45. Kf3 Rb2 46. Kg4 Rxg2+ 47. Kf5 h5 48. Rb7+ Kh6 49. Bf8# 1-0


[Site "https://www.chess.com"]

[Event "Titled Tuesday Blitz November 15 Early 2022"]
[White "Goh, Zi Han"]
[Black "Mohamed Anees M"]
[WhiteFideId "5819156"]
[BlackFideId "35065815"]
[WhiteElo "2026"]
[BlackElo "2135"]
[Result "0-1"]
[Round "02"]
[TimeControl "180+1"]
[Date "2022.11.16"]
[WhiteClock "0:00:03"]
[BlackClock "0:00:52"]

1. d4 d5 2. c4 c6 3. Nf3 Nf6 4. g3 Bf5 5. Bg2 e6 6. O-O h6 7. Nc3 Be7 8. h3 O-O 9. Nd2 Nbd7 10. e4 dxe4 11. Ndxe4 Nxe4 12. Nxe4 Nf6 13. Nc3 Qb6 14. b3 Rfd8 15. Be3 c5 16. dxc5 Bxc5 17. Bxc5 Qxc5 18. Qe2 Bd3 19. Qf3 Bxf1 20. Rxf1 Rab8 21. Re1 b6 22. Ne2 Rd2 23. Qf4 Rbd8 24. Nc3 R8d3 25. Be4 Rd8 26. Bg2 Qd4 27. Ne4 Nxe4 28. Bxe4 Rxa2 29. Qf3 Ra1 30. Rxa1 Qxa1+ 31. Kg2 Qd1 32. Qf4 Qxb3 33. Qc7 Rf8 34. c5 bxc5 35. Qxc5 Qb6 36. Qe5 a5 37. Bc2 Qb4 38. Qe3 Rd8 39. Qa7 g6 40. h4 Qc3 41. Be4 h5 42. Bf3 Rd2 43. Qa6 Qd4 44. Qf1 a4 45. Qe1 a3 46. Be4 a2 47. Bxg6 Qxf2+ 48. Qxf2 Rxf2+ 49. Kxf2 fxg6 0-1


[Site "https://www.chess.com"]

[Event "Titled Tuesday Blitz November 15 Early 2022"]
[White "Golubev, Mikhail"]
[Black "Corrales Jimenez, Fidel"]
[WhiteFideId "14100983"]
[BlackFideId "3506690"]
[WhiteElo "2374"]
[BlackElo "2541"]
[Result "0-1"]
[Round "02"]
[TimeControl "180+1"]
[Date "2022.11.16"]
[WhiteClock "0:00:07"]
[BlackClock "0:01:34"]

1. e4 c5 2. Nf3 d6 3. d4 cxd4 4. Nxd4 Nf6 5. Nc3 a6 6. Bc4 e6 7. Bb3 b5 8. O-O Nbd7 9. Re1 Nc5 10. Bd5 exd5 11. exd5+ Kd7 12. b4 Na4 13. Nxa4 bxa4 14. c4 Kc7 15. Qxa4 Bd7 16. Qb3 Ng4 17. Bf4 Qf6 18. Re4 Re8 19. Qf3 g5 20. Rxe8 Bxe8 21. Qxg4 Qxf4 22. Qxf4 gxf4 23. a4 Bg7 24. Rd1 Bxa4 25. Nf5 Bxd1 0-1


[Site "https://www.chess.com"]

[Event "Titled Tuesday Blitz November 15 Early 2022"]
[White "Goroshkov, Maksym"]
[Black "Rosenberg, Evan S"]
[WhiteFideId "14142716"]
[BlackFideId "2019299"]
[WhiteElo "2257"]
[BlackElo "2367"]
[Result "1/2-1/2"]
[Round "02"]
[TimeControl "180+1"]
[Date "2022.11.16"]
[WhiteClock "0:00:48"]
[BlackClock "0:00:04"]

1. e4 e5 2. d4 exd4 3. c3 Qe7 4. Bd3 d5 5. Qe2 dxe4 6. Bxe4 Nf6 7. Bf3 Qxe2+ 8. Nxe2 dxc3 9. Nbxc3 c6 10. Bf4 Bc5 11. O-O-O O-O 12. Be5 Nbd7 13. Bg3 Nb6 14. Bh4 Ng4 15. Bxg4 Bxg4 16. f3 Be6 17. Ne4 Be3+ 18. Kb1 Bf5 19. Ng3 Bg6 20. Ka1 a5 21. Be7 Rfe8 22. Bc5 Bxc5 23. Nxc5 a4 24. Nxb7 a3 25. bxa3 Reb8 26. Nc5 Rxa3 27. Rhe1 h5 28. Nge4 Nd5 29. Rd3 Ra5 30. Rb3 Rba8 31. Re2 Nf4 32. Reb2 Ne6 33. Rb8+ Rxb8 34. Rxb8+ Kh7 35. Nxe6 fxe6 36. Rc8 Bxe4 37. fxe4 Rc5 38. Kb2 Rc4 39. Kb3 Rxe4 40. Rxc6 Re2 41. Rc2 Re3+ 42. Kc4 Ra3 43. Kd4 Kg6 44. Ke5 Re3+ 45. Kf4 Re1 46. Kf3 Kf5 47. Rc5+ e5 48. Rc7 e4+ 49. Kf2 Ra1 50. Rc5+ Kf4 51. g3+ Kg4 52. Ra5 g5 53. Ra4 Kh3 54. Ra5 h4 55. Rxg5 Rxa2+ 56. Ke3 Rxh2 57. gxh4 Kxh4 58. Rg8 Rh3+ 59. Kf4 Rf3+ 60. Kxe4 Rf7 61. Rh8+ Kg5 62. Rg8+ Kh6 63. Rg1 Kh5 64. Rh1+ Kg5 65. Ke5 Rf2 66. Rg1+ Kh4 67. Ke4 Rf7 68. Rg8 Kh5 69. Ke5 Kh6 70. Rg1 Kh5 71. Rh1+ Kg6 72. Rg1+ Kh6 73. Ke6 Rf2 1/2-1/2


[Site "https://www.chess.com"]

[Event "Titled Tuesday Blitz November 15 Early 2022"]
[White "Grapsa, Georgia"]
[Black "Lucas, Arthur"]
[WhiteFideId "4206436"]
[BlackFideId "26093073"]
[WhiteElo "1877"]
[BlackElo "2251"]
[Result "1-0"]
[Round "02"]
[TimeControl "180+1"]
[Date "2022.11.16"]
[WhiteClock "0:00:46"]
[BlackClock "0:00:03"]

1. e4 g6 2. Bc4 e6 3. d3 d5 4. exd5 exd5 5. Bb3 Bg7 6. Nc3 c6 7. Nf3 Ne7 8. Bg5 h6 9. Bf4 O-O 10. Qd2 Nf5 11. O-O-O Kh7 12. h4 Nd7 13. Kb1 Nf6 14. Rdg1 Ng4 15. Nh2 Qxh4 16. Nxg4 Qxg4 17. f3 Qh4 18. Rxh4 Nxh4 19. Ne2 g5 20. Bg3 Nf5 21. Bf2 a5 22. c3 a4 23. Bc2 a3 24. b3 Kg8 25. g4 Nd6 26. Ng3 Re8 27. Nh5 Bh8 28. d4 Nb5 29. Qd3 f5 30. gxf5 Re2 31. f6 Rxc2 32. Kxc2 Nd6 33. Qg6+ Kf8 34. Qxh6+ Kg8 35. Rxg5+ Kf7 36. Qh7+ Ke6 37. Re5# 1-0


[Site "https://www.chess.com"]

[Event "Titled Tuesday Blitz November 15 Early 2022"]
[White "Gu, Xiaobing"]
[Black "Lohani, Sujana"]
[WhiteFideId "8602611"]
[BlackFideId "12311987"]
[WhiteElo "2174"]
[BlackElo "1691"]
[Result "1-0"]
[Round "02"]
[TimeControl "180+1"]
[Date "2022.11.16"]
[WhiteClock "0:01:15"]
[BlackClock "0:00:05"]

1. e4 c6 2. d4 d5 3. exd5 cxd5 4. c4 e6 5. Nc3 Nf6 6. Bg5 Be7 7. Nf3 O-O 8. c5 Nc6 9. Bb5 Qc7 10. O-O b6 11. Bxc6 Qxc6 12. Ne5 Qb7 13. c6 Qa6 14. Re1 h6 15. Bh4 Rd8 16. Re3 Rd6 17. Rg3 b5 18. b4 Rxc6 19. Nxc6 Qxc6 20. Rc1 Qb6 21. Qd2 Bd7 22. Qxh6 Bf8 23. Bxf6 1-0


[Site "https://www.chess.com"]

[Event "Titled Tuesday Blitz November 15 Early 2022"]
[White "Gubajdullin, Alexei"]
[Black "Willow, Jonah B"]
[WhiteFideId "4141202"]
[BlackFideId "438804"]
[WhiteElo "2230"]
[BlackElo "2300"]
[Result "0-1"]
[Round "02"]
[TimeControl "180+1"]
[Date "2022.11.16"]
[WhiteClock "0:00:17"]
[BlackClock "0:00:30"]

1. d4 Nf6 2. Nf3 e6 3. Bf4 c5 4. e3 cxd4 5. exd4 b6 6. h3 Be7 7. Be2 O-O 8. O-O Bb7 9. a4 a6 10. c3 d6 11. Bh2 Re8 12. Nbd2 Bf8 13. Nc4 Qc7 14. Nfd2 Nbd7 15. Bf3 e5 16. Bxb7 Qxb7 17. Qf3 e4 18. Qg3 d5 19. Nd6 Bxd6 20. Qxd6 Rad8 21. Qg3 Nf8 22. Rfe1 Ng6 23. Nf1 b5 24. axb5 axb5 25. Ne3 b4 26. h4 bxc3 27. bxc3 Qb2 28. Rac1 Rc8 29. Nf5 e3 30. Nd6 exf2+ 31. Qxf2 Rxe1+ 32. Rxe1 Qxf2+ 33. Kxf2 Rxc3 34. h5 Nf8 35. Be5 Ng4+ 36. Kg1 f6 37. Bf4 g5 38. Bd2 Rd3 39. Bb4 Rxd4 40. Bc5 Rd2 41. Nf5 Rc2 42. Bd6 Ne6 43. g3 Kf7 44. Bb4 Ne5 45. Nd6+ Kg8 46. Ra1 Nd4 47. Ra8+ Kg7 48. Nf5+ Nxf5 49. Bf8+ Kf7 50. Ba3 Nf3+ 51. Kf1 Nxg3# 0-1


[Site "https://www.chess.com"]

[Event "Titled Tuesday Blitz November 15 Early 2022"]
[White "Guliev, Logman"]
[Black "Sailer, Mike"]
[WhiteFideId "13400061"]
[BlackFideId "2012901"]
[WhiteElo "2161"]
[BlackElo "2109"]
[Result "1-0"]
[Round "02"]
[TimeControl "180+1"]
[Date "2022.11.16"]
[WhiteClock "0:00:40"]
[BlackClock "0:00:14"]

1. b3 d5 2. Bb2 Nf6 3. Nf3 Bf5 4. e3 e6 5. Be2 Be7 6. O-O O-O 7. c4 c6 8. d4 Ne4 9. Nbd2 Nd7 10. Nxe4 Bxe4 11. Bd3 f5 12. Ne1 Bxd3 13. Nxd3 Bd6 14. f4 Nf6 15. Rc1 Ne4 16. Nf2 a5 17. Nxe4 fxe4 18. a4 Qe8 19. Qg4 Rf6 20. Rc2 Rg6 21. Qd1 Rc8 22. g4 Rf6 23. g5 Rf5 24. Bc3 b6 25. Rg2 Bb4 26. Bxb4 axb4 27. Qd2 c5 28. dxc5 bxc5 29. a5 dxc4 30. bxc4 Rd8 31. Qc2 Rd3 32. a6 Rf7 33. Rd2 Qd8 34. Rfd1 Rfd7 35. Rxd3 exd3 36. Qa4 Qc7 37. Rxd3 Rxd3 38. Qe8# 1-0


[Site "https://www.chess.com"]

[Event "Titled Tuesday Blitz November 15 Early 2022"]
[White "Gurvich, Vitaly"]
[Black "Caruana, Fabiano"]
[WhiteFideId "24164852"]
[BlackFideId "2020009"]
[WhiteElo "2342"]
[BlackElo "2847"]
[Result "0-1"]
[Round "02"]
[TimeControl "180+1"]
[Date "2022.11.15"]
[WhiteClock "0:00:01"]
[BlackClock "0:00:29"]

1. d4 Nf6 2. c4 Nc6 3. Nc3 e5 4. d5 Ne7 5. e4 Ng6 6. Be3 Bb4 7. Bd3 O-O 8. Ne2 d6 9. a3 Bxc3+ 10. Nxc3 Ng4 11. O-O Nxe3 12. fxe3 Qg5 13. Qe2 Bd7 14. b4 h5 15. c5 h4 16. Bb5 Bg4 17. Qd2 Ne7 18. Kh1 a6 19. Be2 Bd7 20. Bf3 g6 21. Rac1 Kg7 22. cxd6 cxd6 23. Ne2 Rfc8 24. Rxc8 Rxc8 25. Rc1 Rxc1+ 26. Qxc1 Ng8 27. h3 Nf6 28. Nc3 Qg3 29. Ne2 Qg5 30. Nc3 Be8 31. Qd2 Qg3 32. Ne2 Qf2 33. Qd1 Qxe3 34. Qc2 Bb5 35. Qc3 Qf2 36. Ng1 Bf1 37. Qc7 Qd4 38. Qc2 Bd3 39. Qc7 Nxe4 40. Bxe4 Bxe4 41. Qxd6 Bxd5 42. Qc7 Qf4 43. Qd6 Bc6 44. Qd3 Qd4 45. Qe2 Qc3 46. Kh2 e4 47. Qg4 Qxa3 48. Qxh4 Qxb4 49. Qf4 Qb5 50. h4 Qf5 51. Qe3 Qe5+ 52. Kh1 a5 53. Nh3 a4 54. Kg1 Qa1+ 55. Kh2 a3 56. Ng5 Qe5+ 57. g3 a2 58. Qf2 Qf6 59. Qxa2 e3 60. Nh3 Qf3 61. Qb2+ Kg8 62. Qc1 Qg2# 0-1


[Site "https://www.chess.com"]

[Event "Titled Tuesday Blitz November 15 Early 2022"]
[White "Gutkin, Ilya"]
[Black "Fecker, Noah"]
[WhiteFideId "16203470"]
[BlackFideId "1334263"]
[WhiteElo "2265"]
[BlackElo "2291"]
[Result "0-1"]
[Round "02"]
[TimeControl "180+1"]
[Date "2022.11.16"]
[WhiteClock "0:00:01"]
[BlackClock "0:01:12"]

1. Nf3 g6 2. e4 Nf6 3. e5 Nd5 4. c4 Nb6 5. d4 d6 6. exd6 cxd6 7. h4 Bg4 8. Be3 Bg7 9. Nbd2 Nc6 10. Be2 O-O 11. b3 e5 12. d5 Ne7 13. Ng5 Bxe2 14. Qxe2 h6 15. h5 hxg5 16. Bxg5 f6 17. hxg6 fxg5 18. Qh5 Rf6 19. Ne4 Rxg6 20. Nxg5 Rxg5 21. Qxg5 Qf8 22. g3 Qf6 23. Qh5 Qg6 24. Qh4 Nf5 25. Qh3 Nd4 26. O-O Kf7 27. f4 e4 28. f5 Qg5 29. f6 Bxf6 30. Rae1 Nf3+ 31. Rxf3 exf3 32. Qe6+ Kg7 33. Re4 Qxg3+ 0-1


[Site "https://www.chess.com"]

[Event "Titled Tuesday Blitz November 15 Early 2022"]
[White "Hadzovic, Amir"]
[Black "Quizon, Daniel"]
[WhiteFideId "14402300"]
[BlackFideId "5217911"]
[WhiteElo "2262"]
[BlackElo "2380"]
[Result "0-1"]
[Round "02"]
[TimeControl "180+1"]
[Date "2022.11.16"]
[WhiteClock "0:00:02"]
[BlackClock "0:01:14"]

1. e4 c5 2. Nc3 d6 3. a3 g6 4. Bc4 Bg7 5. d3 Nf6 6. f4 Nc6 7. Nf3 Bg4 8. h3 Bxf3 9. Qxf3 Nd4 10. Qf2 O-O 11. O-O Rb8 12. a4 a6 13. Nd5 b5 14. Nxf6+ Bxf6 15. Bd5 e6 16. Ba2 Bg7 17. c3 Nc6 18. f5 exf5 19. exf5 Ne5 20. fxg6 hxg6 21. d4 cxd4 22. cxd4 Nc4 23. Bf4 Qb6 24. Rad1 Rbe8 25. Qg3 Re4 26. Bxc4 bxc4 27. Bxd6 Rxd4 28. Rxd4 Qxd4+ 29. Kh1 Re8 30. Qf3 f5 31. Qg3 Re6 32. Ba3 Kh7 33. Qf3 Re4 34. Rd1 Qe5 35. Bd6 Qxb2 36. Bf4 Qb3 0-1


[Site "https://www.chess.com"]

[Event "Titled Tuesday Blitz November 15 Early 2022"]
[White "Harsha Bharathakoti"]
[Black "Oro, Faustino"]
[WhiteFideId "5078776"]
[BlackFideId "20000197"]
[WhiteElo "2523"]
[BlackElo "2066"]
[Result "1/2-1/2"]
[Round "02"]
[TimeControl "180+1"]
[Date "2022.11.16"]
[WhiteClock "0:00:04"]
[BlackClock "0:00:08"]

1. e4 e5 2. Nc3 Nf6 3. Bc4 Bc5 4. d3 h6 5. f4 d6 6. Nf3 Nc6 7. f5 O-O 8. Qe2 a6 9. Be3 Bxe3 10. Qxe3 b5 11. Bb3 Na5 12. O-O Bb7 13. Ne2 Nxb3 14. axb3 d5 15. Ng3 Re8 16. h3 Qd6 17. Nd2 Rad8 18. Rae1 c5 19. Kh2 c4 20. dxc4 dxc4 21. Nf3 cxb3 22. Qxb3 Qc5 23. Re3 b4 24. Rfe1 a5 25. c3 Ba6 26. cxb4 axb4 27. Qa2 Bb5 28. b3 Rd3 29. Rxd3 Bxd3 30. Qd2 Qc3 31. Re3 Qxd2 32. Nxd2 Rd8 33. Nf3 Bc2 34. Nxe5 Re8 35. Nc6 Nxe4 36. Nxb4 Bb1 37. Nd5 Kf8 38. Nc3 Nxc3 39. Rxc3 Re1 40. b4 Ba2 41. Ra3 Bc4 42. Rc3 Ba2 43. Rc8+ Ke7 44. Ra8 Bc4 45. Nh5 g6 46. Ra7+ Kf8 47. Ra8+ Re8 48. Rxe8+ Kxe8 49. fxg6 fxg6 50. Nf4 Kf7 51. Kg3 g5 52. Nh5 Kg6 53. Nf4+ gxf4+ 54. Kxf4 Kf6 55. g4 Kg6 56. h4 Be2 57. g5 hxg5+ 58. hxg5 Bf1 59. b5 Bxb5 60. Ke5 Kxg5 1/2-1/2


[Site "https://www.chess.com"]

[Event "Titled Tuesday Blitz November 15 Early 2022"]
[White "Harshavardhan G B"]
[Black "Ronka, Erik"]
[WhiteFideId "25059009"]
[BlackFideId "505080"]
[WhiteElo "2333"]
[BlackElo "2264"]
[Result "1-0"]
[Round "02"]
[TimeControl "180+1"]
[Date "2022.11.16"]
[WhiteClock "0:00:18"]
[BlackClock "0:00:04"]

1. d4 d5 2. c4 e6 3. Nf3 Nf6 4. Nc3 c5 5. cxd5 Nxd5 6. e4 Nxc3 7. bxc3 cxd4 8. cxd4 Bb4+ 9. Bd2 Bxd2+ 10. Qxd2 O-O 11. Bc4 Nd7 12. O-O b6 13. Rfe1 Bb7 14. a4 Rc8 15. Bd3 Re8 16. h4 h6 17. h5 Qf6 18. Rac1 Red8 19. Bb1 Rxc1 20. Rxc1 Nc5 21. e5 Qe7 22. Qe3 Nd7 23. Rc7 Bxf3 24. Qxf3 Qb4 25. Qe4 Nf8 26. d5 Qxe4 27. Bxe4 exd5 28. Bf5 Ne6 29. Rxa7 Nc5 30. a5 bxa5 31. Rxa5 Nb3 32. Ra3 Nd4 33. Bd3 Nc6 34. f4 Nb4 35. Kf2 Kf8 36. Rb3 Nc6 37. Ke3 Ke7 38. Rb7+ Rd7 39. Rxd7+ Kxd7 40. Bb5 Kc7 41. Bxc6 Kxc6 42. Kd4 f6 43. g4 fxe5+ 44. fxe5 1-0


[Site "https://www.chess.com"]

[Event "Titled Tuesday Blitz November 15 Early 2022"]
[White "Hartikainen, Jarmo"]
[Black "Avila Rodriguez, Joshua Ad"]
[WhiteFideId "503134"]
[BlackFideId "5126444"]
[WhiteElo "2176"]
[BlackElo "2125"]
[Result "1-0"]
[Round "02"]
[TimeControl "180+1"]
[Date "2022.11.16"]
[WhiteClock "0:01:16"]
[BlackClock "0:01:00"]

1. e4 c5 2. c3 Nf6 3. e5 Nd5 4. d4 cxd4 5. Nf3 d6 6. cxd4 Nc6 7. Nc3 e6 8. Bb5 Bd7 9. Qe2 Nxc3 10. bxc3 dxe5 11. dxe5 Be7 12. O-O O-O 13. Bf4 Qc7 14. Rfd1 Rfd8 15. Bd3 Na5 16. Ng5 Bxg5 17. Bxg5 Re8 18. Qh5 g6 19. Qh6 Qxe5 20. Qh4 Qg7 21. Bf6 Qf8 22. Bxg6 fxg6 23. Rxd7 1-0


[Site "https://www.chess.com"]

[Event "Titled Tuesday Blitz November 15 Early 2022"]
[White "Hoffmann, Asa"]
[Black "Fernandez Guillen, Ernesto J."]
[WhiteFideId "2001470"]
[BlackFideId "3512428"]
[WhiteElo "2117"]
[BlackElo "2450"]
[Result "0-1"]
[Round "02"]
[TimeControl "180+1"]
[Date "2022.11.16"]
[WhiteClock "0:00:04"]
[BlackClock "0:00:07"]

1. d4 Nf6 2. Bg5 g6 3. Nc3 d5 4. f3 Bg7 5. e4 dxe4 6. fxe4 O-O 7. Nf3 c5 8. d5 Qa5 9. Qd2 Bg4 10. Be2 Qb4 11. e5 Nxd5 12. Nxd5 Qxb2 13. O-O Nc6 14. Rab1 Qxa2 15. Nxe7+ Nxe7 16. Bxe7 Rfe8 17. Bxc5 b6 18. Bd6 Rad8 19. Qf4 Be6 20. Bd3 Qd5 21. Kh1 h6 22. Rfd1 Qa5 23. Bb5 g5 24. Qa4 Qxa4 25. Bxa4 Bd7 26. Bb3 Rc8 27. Re1 Be6 28. Nd4 Bxb3 29. cxb3 Rc3 30. Nf5 Rd3 31. Nxg7 Kxg7 32. b4 a6 33. Ra1 a5 34. bxa5 bxa5 35. Red1 Rxd1+ 36. Rxd1 a4 37. Ra1 Ra8 38. g4 Kg6 39. Kg2 f5 40. h3 h5 41. Kf3 fxg4+ 42. hxg4 h4 43. Ra3 Kf7 44. Ke4 Ke6 45. Bc5 Ra5 46. Bd4 Ra8 47. Rf3 a3 48. Rf6+ Kd7 49. Rg6 a2 50. Rxg5 Ra4 51. Rg7+ Ke6 52. Rg6+ Kf7 53. Rf6+ Ke7 54. Rf1 h3 55. Kf5 Rxd4 56. g5 h2 57. g6 Ra4 58. g7 Kf7 59. e6+ Kxg7 60. e7 Kf7 0-1


[Site "https://www.chess.com"]